[Event "FIDE World Cup G12-A 2024"]
[Site "Batumi"]
[Date "2024.06.23"]
[Round "1.1"]
[White "Qiu, Laurie"]
[Black "Wang, April"]
[Result "1-0"]
[ECO "B13"]
[WhiteElo "2068"]
[BlackElo "1622"]
[Annotator "NA RC"]
[PlyCount "79"]
[EventDate "2024.06.23"]
[EventType "swiss"]
[EventCountry "GEO"]
[SourceTitle "playchess.com"]
[Source "ChessBase"]
[SourceQuality "1"]
[TimeControl "5400+30"]

1. e4 c6 2. d4 d5 3. exd5 cxd5 4. Nf3 Nf6 5. c3 Bg4 6. h3 Bh5 7. Be2 Nc6 8. O-O e6 9. Bf4 Bd6 10. Bxd6 Qxd6 11. Nbd2 O-O 12. Re1 a6 13. a4 Rab8 14. a5 Qc7 15. b4 Rfc8 16. Rc1 Bg6 17. Nb3 Na7 18. Nc5 Ne4 19. Bd3 Nd6 20. Ne5 Rd8 21. Bxg6 hxg6 22. h4 Qe7 23. h5 gxh5 24. Qxh5 Nc4 25. Nxc4 dxc4 26. d5 g6 27. Qe5 Rd6 28. Re3 Re8 29. Ne4 exd5 30. Qxe7 Rxe7 31. Nxd6 Rd7 32. Re8+ Kg7 33. Nc8 Nb5 34. Re7 Rd8 35. Nb6 d4 36. cxd4 c3 37. Na4 Rxd4 38. Nxc3 Nxc3 39. Rxc3 Rxb4 40. Rcc7 1-0

[Event "FIDE World Cup G12-A 2024"]
[Site "Batumi"]
[Date "2024.06.23"]
[Round "1.2"]
[White "Ali, Maha"]
[Black "Lu, Xiahan (Luna)"]
[Result "0-1"]
[ECO "C01"]
[WhiteElo "1601"]
[BlackElo "1859"]
[Annotator "NA RC"]
[PlyCount "78"]
[EventDate "2024.06.23"]
[EventType "swiss"]
[EventCountry "GEO"]
[SourceTitle "playchess.com"]
[Source "ChessBase"]
[SourceQuality "1"]
[TimeControl "5400+30"]

1. e4 e6 2. d4 d5 3. exd5 exd5 4. Bd3 Nf6 5. Nf3 c5 6. dxc5 Bxc5 7. O-O O-O 8. h3 Nc6 9. Bf4 Be6 10. Nc3 Re8 11. Re1 Qb6 12. Qd2 Bb4 13. a3 Bxc3 14. Qxc3 Rac8 15. Qd2 Na5 16. Be5 Nd7 17. Bd4 Qd8 18. Ne5 Nxe5 19. Bxe5 Nc4 20. Bxc4 Rxc4 21. Rad1 Qh4 22. Bg3 Qe7 23. b3 Rc6 24. a4 Qd7 25. f3 Qc8 26. Re2 Rd8 27. Bh4 f6 28. c4 d4 29. Re4 d3 30. g4 Bf7 31. f4 Rcd6 32. Bg3 f5 33. gxf5 Qxf5 34. Re3 Qxh3 35. f5 Rd4 36. Qf2 d2 37. Be5 Qg4+ 38. Kh2 Qxd1 39. Qg3 Qh5+ 0-1

[Event "FIDE World Cup G12-A 2024"]
[Site "Batumi"]
[Date "2024.06.23"]
[Round "1.3"]
[White "Kaminska, Zuzanna"]
[Black "Kutateladze, Anastasia"]
[Result "1-0"]
[ECO "B54"]
[WhiteElo "1848"]
[BlackElo "1598"]
[Annotator "NA RC"]
[PlyCount "82"]
[EventDate "2024.06.23"]
[EventType "swiss"]
[EventCountry "GEO"]
[SourceTitle "playchess.com"]
[Source "ChessBase"]
[SourceQuality "1"]
[TimeControl "5400+30"]

1. e4 c5 2. Nf3 e6 3. c4 Nc6 4. Nc3 Nf6 5. Be2 Be7 6. d4 cxd4 7. Nxd4 d6 8. O-O O-O 9. Be3 h6 10. Qd2 Ne5 11. h3 a6 12. Rfd1 Qc7 13. Rac1 Bd7 14. f4 Nc6 15. Bf3 Rad8 16. Nd5 Nxd5 17. cxd5 Rc8 18. dxc6 bxc6 19. Nb3 Qb8 20. e5 d5 21. Bc5 Bxc5+ 22. Nxc5 Qa7 23. Kh1 Ra8 24. Qc3 Rfc8 25. Rd4 Be8 26. Rb4 Rab8 27. Rxb8 Rxb8 28. b4 Ra8 29. a4 a5 30. bxa5 Qxa5 31. Qxa5 Rxa5 32. Kg1 Kf8 33. Kf2 Ke7 34. Ke3 f6 35. Kd4 fxe5+ 36. fxe5 g5 37. Rb1 Ra7 38. Rb7+ Rxb7 39. Nxb7 Kd7 40. Nc5+ Ke7 41. a5 Bf7 1-0

[Event "FIDE World Cup G12-A 2024"]
[Site "Batumi"]
[Date "2024.06.23"]
[Round "1.4"]
[White "Mirzaliyeva, Leyla"]
[Black "Diaskyzy, Daliya"]
[Result "1-0"]
[ECO "B10"]
[WhiteElo "1548"]
[BlackElo "1793"]
[Annotator "NA RC"]
[PlyCount "77"]
[EventDate "2024.06.23"]
[EventType "swiss"]
[EventCountry "GEO"]
[SourceTitle "playchess.com"]
[Source "ChessBase"]
[SourceQuality "1"]
[TimeControl "5400+30"]

1. e4 c6 2. d3 d5 3. Nd2 e5 4. Ngf3 Bd6 5. d4 exd4 6. Bd3 Bg4 7. Qe2 Qe7 8. exd5 Qxe2+ 9. Bxe2 c5 10. Nxd4 Bxe2 11. Nxe2 Nf6 12. c4 Nbd7 13. Nc3 a6 14. Nf3 Rb8 15. a4 b6 16. Be3 Ne5 17. Nxe5 Bxe5 18. f3 Kd7 19. Kd2 Rhe8 20. Rae1 Nh5 21. g3 f5 22. Bf2 g5 23. Rhg1 Nf6 24. Kc2 Bxc3 25. Kxc3 Kd6 26. Be3 h6 27. h4 Rg8 28. Bxc5+ Kxc5 29. b4+ Kd6 30. Re6+ Kd7 31. Rxf6 gxh4 32. g4 fxg4 33. fxg4 h5 34. g5 h3 35. g6 a5 36. b5 Kc7 37. Rf7+ Kd6 38. g7 h2 39. Rg6+ 1-0

[Event "FIDE World Cup G12-A 2024"]
[Site "Batumi"]
[Date "2024.06.23"]
[Round "1.5"]
[White "Venskaya, Nika"]
[Black "Kedelidze, Aneta"]
[Result "1-0"]
[ECO "E64"]
[WhiteElo "1774"]
[BlackElo "1544"]
[Annotator "NA RC"]
[PlyCount "93"]
[EventDate "2024.06.23"]
[EventType "swiss"]
[EventCountry "GEO"]
[SourceTitle "playchess.com"]
[Source "ChessBase"]
[SourceQuality "1"]
[TimeControl "5400+30"]

1. d4 Nf6 2. Nf3 g6 3. g3 Bg7 4. Bg2 d6 5. c4 O-O 6. Nc3 c5 7. d5 a6 8. a4 Nbd7 9. h3 Rb8 10. O-O Ne8 11. Qd3 Nc7 12. e4 Ne5 13. Nxe5 Bxe5 14. f4 Bd4+ 15. Be3 Bxe3+ 16. Qxe3 b5 17. b3 bxc4 18. bxc4 Rb4 19. Qd3 Bd7 20. g4 f5 21. gxf5 gxf5 22. e5 Kh8 23. Kh1 Qe8 24. e6 Bxa4 25. Nxa4 Rxa4 26. Qc3+ Rf6 27. Rab1 a5 28. Rb7 Qc8 29. Ra7 Qb8 30. Rxa5 Rxa5 31. Qxa5 Rg6 32. Qc3+ Kg8 33. Ra1 Qb7 34. Qc2 Rf6 35. Rb1 Qa7 36. Qb3 Ne8 37. Qb8 Qxb8 38. Rxb8 Kf8 39. Bf3 Rh6 40. Kh2 Rh4 41. Kg3 Rh6 42. h4 Rg6+ 43. Kh3 Rh6 44. Be2 Rf6 45. Bh5 Rg6 46. Bxg6 hxg6 47. Ra8 1-0

[Event "FIDE World Cup G12-A 2024"]
[Site "Batumi"]
[Date "2024.06.23"]
[Round "1.6"]
[White "Giorgadze, Mariam"]
[Black "Wu, Yiting"]
[Result "0-1"]
[ECO "B18"]
[WhiteElo "1533"]
[BlackElo "1758"]
[Annotator "NA RC"]
[PlyCount "146"]
[EventDate "2024.06.23"]
[EventType "swiss"]
[EventCountry "GEO"]
[SourceTitle "playchess.com"]
[Source "ChessBase"]
[SourceQuality "1"]
[TimeControl "5400+30"]

1. e4 c6 2. d4 d5 3. Nd2 dxe4 4. Nxe4 Bf5 5. Ng3 Bg6 6. Bc4 e6 7. N1e2 Bd6 8. O-O Nf6 9. c3 O-O 10. Nf4 Bxf4 11. Bxf4 Nd5 12. Bd2 Nd7 13. Re1 N7f6 14. Bg5 h6 15. Bxf6 Nxf6 16. h3 Qb6 17. Qb3 Rfd8 18. Rad1 Rd6 19. Re2 Rad8 20. Rde1 Qc7 21. Re5 Nd7 22. R5e3 Nb6 23. Ne4 Bxe4 24. Rxe4 Nxc4 25. Qxc4 Qb6 26. b3 Rd5 27. Re5 Qc7 28. Qe2 c5 29. Rxd5 Rxd5 30. dxc5 Qxc5 31. c4 Rd4 32. Rd1 e5 33. Re1 f6 34. Qe3 Qd6 35. Qf3 Qd7 36. Qe3 a6 37. Re2 Kf7 38. g4 Rd3 39. Qe4 Rxh3 40. Qd5+ Qxd5 41. cxd5 Rd3 42. Rc2 Rxd5 43. Rc7+ Kg6 44. Rxb7 a5 45. a4 Rd1+ 46. Kg2 Rb1 47. f3 f5 48. gxf5+ Kxf5 49. Rxg7 Rxb3 50. Rf7+ Kg5 51. Ra7 Ra3 52. Rxa5 Kf4 53. Ra8 Ra2+ 54. Kh3 Kxf3 55. a5 e4 56. a6 Ra5 57. Kh4 e3 58. a7 Ke2 59. Kg4 Ra4+ 60. Kh5 Ra6 61. Kg4 Rg6+ 62. Kh5 Rg7 63. Kxh6 Rd7 64. Rb8 Rxa7 65. Rb2+ Kd1 66. Rb1+ Kc2 67. Rb8 Re7 68. Rc8+ Kd3 69. Rd8+ Ke4 70. Rd1 e2 71. Ra1 Kf3 72. Ra3+ Kf2 73. Ra2 Kf1 0-1

[Event "FIDE World Cup G12-A 2024"]
[Site "Batumi"]
[Date "2024.06.23"]
[Round "1.7"]
[White "Xue, Tianhao"]
[Black "Sevastsyanchuk, Anastasiya"]
[Result "1-0"]
[ECO "B12"]
[WhiteElo "1754"]
[BlackElo "1531"]
[Annotator "NA RC"]
[PlyCount "61"]
[EventDate "2024.06.23"]
[EventType "swiss"]
[EventCountry "GEO"]
[SourceTitle "playchess.com"]
[Source "ChessBase"]
[SourceQuality "1"]
[TimeControl "5400+30"]

1. e4 c6 2. d4 d5 3. f3 dxe4 4. fxe4 e5 5. Nf3 Be6 6. c3 Nd7 7. Bd3 Bd6 8. Be3 Ngf6 9. O-O Qc7 10. Nbd2 Ng4 11. Qe2 exd4 12. cxd4 Nxh2 13. Nxh2 Bxh2+ 14. Kh1 h5 15. e5 Bg3 16. Ne4 h4 17. Nd6+ Ke7 18. Qf3 f6 19. Bf5 Bd5 20. Be4 Be6 21. Nf5+ Bxf5 22. Bxf5 Raf8 23. Qg4 Kd8 24. Qxg7 Rhg8 25. Qh7 Rh8 26. Qg6 fxe5 27. dxe5 Bxe5 28. Rad1 Rhg8 29. Qe6 Rg7 30. Bh6 Re8 31. Bg5+ 1-0

[Event "FIDE World Cup G12-A 2024"]
[Site "Batumi"]
[Date "2024.06.23"]
[Round "1.8"]
[White "Zavivaeva, Angelina"]
[Black "Chichinadze, Anastasia"]
[Result "0-1"]
[ECO "B01"]
[WhiteElo "1489"]
[BlackElo "1724"]
[Annotator "NA RC"]
[PlyCount "99"]
[EventDate "2024.06.23"]
[EventType "swiss"]
[EventCountry "GEO"]
[SourceTitle "playchess.com"]
[Source "ChessBase"]
[SourceQuality "1"]
[TimeControl "5400+30"]

1. e4 d5 2. exd5 Nf6 3. d4 Nxd5 4. Nf3 g6 5. Bc4 Bg7 6. O-O O-O 7. Bg5 c6 8. c3 Be6 9. Nbd2 Nd7 10. Qe2 Nc7 11. Bxe6 Nxe6 12. Bh4 Re8 13. Nc4 Nf6 14. Rfe1 Nf4 15. Qc2 N6d5 16. Rad1 Qc8 17. Nce5 f6 18. Nd3 Qf5 19. Rd2 Nh3+ 20. Kh1 h5 21. c4 Bh6 22. cxd5 Bxd2 23. Qxd2 g5 24. Bg3 Qxd5 25. Qe3 g4 26. gxh3 Qxf3+ 27. Qxf3 gxf3 28. Nf4 Kf7 29. Nxh5 Rad8 30. Re3 Rh8 31. Nf4 e5 32. Nd3 Rxd4 33. Ne1 e4 34. Kg1 Rxh3 35. Rb3 Rd7 36. Rb4 f5 37. Ra4 a6 38. Ra5 Rd5 39. Rxd5 cxd5 40. Nc2 Rh8 41. Nd4 Kf6 42. Bf4 Rc8 43. b3 Rc3 44. h4 Rd3 45. Nc2 Rd1+ 46. Kh2 d4 47. h5 e3 48. fxe3 f2 49. Be5+ Kxe5 50. exd4+ 0-1

[Event "FIDE World Cup G12-A 2024"]
[Site "Batumi"]
[Date "2024.06.23"]
[Round "1.9"]
[White "Xikmatkhonova, Mokhinur"]
[Black "Potikha, Shelley"]
[Result "1-0"]
[ECO "A40"]
[WhiteElo "1706"]
[BlackElo "1464"]
[Annotator "NA RC"]
[PlyCount "59"]
[EventDate "2024.06.23"]
[EventType "swiss"]
[EventCountry "GEO"]
[SourceTitle "playchess.com"]
[Source "ChessBase"]
[SourceQuality "1"]
[TimeControl "5400+30"]

1. d4 e6 2. Nc3 Bb4 3. Bf4 Nf6 4. e3 Nd5 5. Nge2 Nxf4 6. Nxf4 d5 7. g3 c5 8. Bg2 Qa5 9. Qd3 Nc6 10. O-O cxd4 11. exd4 O-O 12. Nce2 Bd6 13. c3 b5 14. b4 Qb6 15. Qe3 a5 16. a3 Bd7 17. Nh5 h6 18. Qf3 e5 19. Qxd5 Ne7 20. Qe4 Bf5 21. Qe3 Rac8 22. bxa5 Qxa5 23. dxe5 Bc5 24. Qf3 Be6 25. Nef4 Ng6 26. Nxe6 fxe6 27. Qg4 Qxc3 28. Qxg6 Bxf2+ 29. Kh1 Qxe5 30. Be4 1-0

[Event "FIDE World Cup G12-A 2024"]
[Site "Batumi"]
[Date "2024.06.23"]
[Round "1.10"]
[White "Lipartia, Nino"]
[Black "Zavivaeva, Kristina"]
[Result "0-1"]
[ECO "B95"]
[WhiteElo "1437"]
[BlackElo "1666"]
[Annotator "NA RC"]
[PlyCount "74"]
[EventDate "2024.06.23"]
[EventType "swiss"]
[EventCountry "GEO"]
[SourceTitle "playchess.com"]
[Source "ChessBase"]
[SourceQuality "1"]
[TimeControl "5400+30"]

1. e4 c5 2. Nf3 d6 3. d4 cxd4 4. Nxd4 Nf6 5. Nc3 a6 6. Bg5 Nbd7 7. Nb3 e6 8. Qd2 Be7 9. O-O-O b5 10. a3 Bb7 11. f3 O-O 12. Bf4 d5 13. exd5 Nxd5 14. Ne2 N7b6 15. Qe1 Nc4 16. Nc3 Bf6 17. Nc5 Qe7 18. Bxc4 Bxc3 19. bxc3 bxc4 20. Rxd5 Bxd5 21. Be3 Rfc8 22. Qf2 Rc6 23. Bd4 Rac8 24. Qg3 f6 25. Ne4 e5 26. Bf2 Qxa3+ 27. Kd2 Rd8 28. Ke2 Bxe4 29. fxe4 Qb2 30. Qe3 Qxc2+ 31. Kf1 Rd1+ 32. Be1 Rcd6 33. Qf3 R6d3 34. Qg4 Rxe1+ 35. Kxe1 Re3+ 36. Kf1 Qc1+ 37. Kf2 Qd2+ 0-1

[Event "FIDE World Cup G12-A 2024"]
[Site "Batumi"]
[Date "2024.06.23"]
[Round "1.11"]
[White "Mamakova, Aknur"]
[Black "Gulishyan, Eseniya"]
[Result "1-0"]
[ECO "A84"]
[WhiteElo "1648"]
[BlackElo "1434"]
[Annotator "NA RC"]
[PlyCount "87"]
[EventDate "2024.06.23"]
[EventType "swiss"]
[EventCountry "GEO"]
[SourceTitle "playchess.com"]
[Source "ChessBase"]
[SourceQuality "1"]
[TimeControl "5400+30"]

1. d4 d5 2. c4 e6 3. Nc3 f5 4. Nf3 Nf6 5. Bf4 c6 6. e3 Be7 7. Bd3 O-O 8. Qc2 Ne4 9. g4 a6 10. gxf5 exf5 11. cxd5 cxd5 12. Nxd5 Nd6 13. Nxe7+ Qxe7 14. Qc5 Rd8 15. Bg5 Qf8 16. Bxd8 Qxd8 17. Ne5 Nc6 18. Bc4+ Kf8 19. Nf7 Qa5+ 20. Qxa5 Nxa5 21. Nxd6 b5 22. Bd3 g6 23. Nxc8 Rxc8 24. O-O Rd8 25. Rac1 Rd7 26. Rc8+ Kg7 27. Rfc1 Kh6 28. R1c7 Rd6 29. b4 Nc4 30. Bxc4 bxc4 31. Rxc4 a5 32. bxa5 Ra6 33. R4c5 Ra7 34. R8c6 Kg5 35. a6 Kg4 36. Rb5 f4 37. Rb7 Ra8 38. exf4 Re8 39. Kg2 h5 40. a7 h4 41. h3+ Kh5 42. Rb8 g5 43. Rxe8 gxf4 44. Re5# 1-0